 Dungeon Sprint DCSS version 0.27-a0-1154-gfdeffcb720 (webtiles) character file.

Game seed: 14774882710276822434

1121 rocky1 the Blocker (level 8, -2/87 HPs)
             Began as an Ogre Fighter on May 15, 2021.
             Was a Priest of Okawaru.
             Slain by a red devil
             ... wielding a +0 trident
              (17 damage)
             ... in the Dungeon (Sprint VII: "The Pits").
             The game lasted 00:05:31 (1114 turns).

rocky1 the Blocker (Ogre Fighter)                   Turns: 1114, Time: 00:05:32

Health: -2/87      AC:  3    Str: 23    XL:     8   Next: 34%
Magic:  14/14      EV: 10    Int:  9    God:    Okawaru [***...]
Gold:   0          SH: 11    Dex:  8    Spells: 7/7 levels left

rFire    . . .     SeeInvis .   n - +0 flail (protect)
rCold    . . .     Faith    .   c - +0 kite shield
rNeg     . . .     Spirit   .   b - +0 robe
rPois    .         Reflect  .   (helmet restricted)
rElec    .         Harm     .   (no cloak)
rCorr    .         Rampage  .   (gloves unavailable)
Will     .....     NoTele   +   (boots unavailable)
Stlth    +.........             (no amulet)
HPRegen  0.24/turn              (no ring)
MPRegen  0.14/turn              (no ring)

@: no status effects
A: large, unfitting armour, tough skin 1
a: Renounce Religion, Heroism


You were in the Dungeon.
You worshipped Okawaru.
Okawaru was most pleased with you.
You visited 1 branch

Inventory:

Hand Weapons
 a - a +0 giant club
 n - a +0 flail of protection (weapon)
Armour
 b - a +0 robe (worn)
 c - a +0 kite shield (worn)
Scrolls
 j - a scroll of blinking
 l - 5 scrolls of amnesia
 m - a scroll of summoning
Potions
 e - 6 potions of curing
 f - 5 potions of heal wounds
 g - a potion of haste
 h - 4 potions of magic
 k - 2 potions of invisibility


   Skills:
 + Level 7.2 Fighting
 + Level 9.1 Maces & Flails
 + Level 3.6 Armour
 + Level 5.0 Dodging
 + Level 9.4 Shields
 - Level 9.1 Invocations


You had 7 spell levels left.
You didn't know any spells.
Your spell library was empty.

Dungeon Overview and Level Annotations

Branches:
Dungeon (1/1)

Altars:
Ashenzari
Cheibriados
Dithmenos
Elyvilon
Fedhas
Gozag
Hepliaklqana
Kikubaaqudgha
Makhleb
Nemelex Xobeh
Okawaru
Qazlal
Ru
Sif Muna
Trog
Uskayaw
Vehumet
Wu Jian
Xom
Yredelemnul
Zin
The Shining One
Beogh
Jiyva
Lugonu


Innate Abilities, Weirdness & Mutations

You are too large for most types of armour.
You have tough skin. (AC +1)


Message History

The red devil hits you from afar with a +0 trident.
You hit the gnoll.
The gnoll is lightly wounded.
You block the gnoll's attack.
The red devil hits you from afar with a +0 trident!
You thump the gnoll!
The gnoll is severely wounded.
Things that are here:
a +0 whip; a gnoll corpse; an ogre corpse You sock the gnoll!
You kill the gnoll!
Okawaru accepts your kill.
Your base Dodging skill increases to level 5!
You feel much better.
You feel like a meek peon again.
There is an open door, spattered with blood here.
Items here: ))))) [[[ ††.
You completely miss the red devil.
The red devil is heavily wounded.
The orc shouts!
The red devil hits you with a +0 trident!
You miss the red devil.
The red devil is heavily wounded.
You block the gnoll's attack.
The red devil hops backward while attacking.
The red devil barely misses you. The gnoll completely misses you.
The red devil hops backward while attacking.
The red devil hits you from afar with a +0 trident!
The orc misses you.
There is an open door here.
The orc hits you with a +0 mace. You block the gnoll's attack.
The red devil hops backward while attacking.
The red devil hits you from afar with a +0 trident!
* * * LOW HITPOINT WARNING * * *
You block the gnoll's attack.
You closely miss the red devil.
The red devil is heavily wounded.
The red devil hits you with a +0 trident!
You die...

#.#........##.......#
#'###########.......#
#.......#..##########
#..###..#.######
#.......#)#....#
##.###.##)#....#
#..†....#†'g...+
#..###..#'#oo..#
#..)....'.#.@4.#
################


You could see a red devil, a gnoll and 2 orcs.

Vanquished Creatures
  A flying skull (D)
  A redback (D)
  A floating eye (D)
  A black bear (D)
  A sky beast (D)
  2 ice beasts (D)
  An ogre (D)
  A scorpion (D)
  A quasit (D)
  A jelly (D)
  A gnoll shaman (D)
  An orc wizard (D)
  A mummy (D)
  4 gnolls (D)
  2 river rats (D)
  An ufetubus (D)
  An orc (D)
  2 bat skeletons (D)
  A bat zombie (D)
  A giant cockroach (D)
  A ball python (D)
27 creatures vanquished.

Notes
Turn   | Place    | Note
-------+----------+-------------------------------------------
     0 | D        | rocky1 the Ogre Fighter began the quest for the Orb.
     0 | D        | Reached XP level 1. HP: 24/24 MP: 1/1
    18 | D        | Found a bloodstained altar of Trog.
    18 | D        | Found a shimmering blue altar of Sif Muna.
    18 | D        | Found a viscous altar of Jiyva.
    18 | D        | Found a hazy altar of Hepliaklqana.
    18 | D        | Found an opulent altar of Gozag.
    19 | D        | Found a glowing golden altar of the Shining One.
    19 | D        | Found a glowing silver altar of Zin.
    19 | D        | Found a basalt altar of Yredelemnul.
    19 | D        | Found a shimmering altar of Xom.
    19 | D        | Found an ornate altar of the Wu Jian Council.
    19 | D        | Found a sacrificial altar of Ru.
    19 | D        | Found a stormy altar of Qazlal.
    19 | D        | Found an iron altar of Okawaru.
    19 | D        | Found a sparkling altar of Nemelex Xobeh.
    19 | D        | Found a burning altar of Makhleb.
    19 | D        | Found a blossoming altar of Fedhas.
    19 | D        | Found a white marble altar of Elyvilon.
    19 | D        | Found a shadowy altar of Dithmenos.
    19 | D        | Found a snail-covered altar of Cheibriados.
    22 | D        | Found a corrupted altar of Lugonu.
    22 | D        | Found a radiant altar of Vehumet.
    23 | D        | Found an ancient bone altar of Kikubaaqudgha.
    23 | D        | Found a hide-covered altar of Uskayaw.
    23 | D        | Found a broken altar of Ashenzari.
    27 | D        | Became a worshipper of Warmaster Okawaru
    66 | D        | Noticed a scorpion
    67 | D        | Reached skill level 1 in Invocations
    67 | D        | Reached XP level 2. HP: 32/32 MP: 1/3
    70 | D        | Killed a scorpion
    71 | D        | Reached skill level 5 in Shields
    71 | D        | Reached XP level 3. HP: 39/39 MP: 1/6
    71 | D        | Reached XP level 4. HP: 48/48 MP: 1/7
   158 | D        | Noticed a floating eye
   160 | D        | Paralysed by a floating eye for 3 turns
   166 | D        | Paralysed by a floating eye for 3 turns
   173 | D        | Paralysed by a floating eye for 3 turns
   178 | D        | Killed a floating eye
   178 | D        | Reached * piety under Okawaru
   179 | D        | Reached XP level 5. HP: 31/54 MP: 7/9
   570 | D        | Noticed an ice beast
   583 | D        | Reached XP level 6. HP: 62/62 MP: 11/11
   586 | D        | Killed an ice beast
   648 | D        | Noticed a flying skull
   669 | D        | Killed a flying skull
   669 | D        | Reached ** piety under Okawaru
   670 | D        | Reached XP level 7. HP: 37/70 MP: 13/13
   847 | D        | Reached skill level 1 in Armour
   932 | D        | Reached skill level 5 in Fighting
   934 | D        | Noticed a redback
   936 | D        | Killed a redback
   943 | D        | Reached XP level 8. HP: 66/84 MP: 12/14
   965 | D        | Reached *** piety under Okawaru
  1068 | D        | Noticed a red devil
  1107 | D        | Reached skill level 5 in Dodging
  1114 | D        | Slain by a red devil

Illustrated notes

Levels and vault maps discovered:
D:        pitsprint [storerooms_1, entrance_room_1, metal_vault_8, armoury_1,
          mini_pit_1, grid_room_1, main_hall_1, silver_pit, the_coven_1,
          the_vestibule_1, steel_vault_2, golden_pit, hallway_of_sentries,
          crystal_vault_6, iron_vault_1, final_vault]

Skill      XL: |  1  2  3  4  5  6  7  8 |
---------------+-------------------------+-----
Maces & Flails | 2 4 6 8 9 |  9.1
Shields        | 3 5 6 8 9 |  9.4
Invocations    | 1 4 6 7 9 |  9.1
Armour         | 3 |  3.6
Dodging        | 4 5 |  5.0
Fighting       | 6 7 |  7.2

Action                   |  1- 3 |  4- 6 |  7- 9 || total
-------------------------+-------+-------+-------++-------
Melee: Flail             |     5 |    43 |    94 ||   142
Invok: Heroism           |       |       |     2 ||     2
  Use: Potion            |     1 |     3 |     1 ||     5
 Stab: Sleeping          |       |       |     2 ||     2
Armor: Robe              |       |     9 |    22 ||    31
Dodge: Dodged            |     4 |    12 |    20 ||    36
Block: Kite shield       |       |    21 |    39 ||    60

Table legend: (Time is in decaauts)
 A = Elapsed time spent in this place.
 B = Non-inter-level travel time spent in this place.
 C = Inter-level travel time spent in this place.
 D = Time resting spent in this place.
 E = Time spent auto-exploring this place.
 F = Levels seen in this place.
 G = Mean time per level.
                   A        B        C        D        E       F      G
               +--------+--------+--------+--------+--------+-----+--------+
         Total |   1140 |   1119 |     21 |    764 |      0 |   1 | 1140.0 |
       Dungeon |   1140 |   1119 |     21 |    764 |      0 |   1 | 1140.0 |
               +--------+--------+--------+--------+--------+-----+--------+

Top non-repeatable levels by time:
       D: 1140 daAuts
